 Dungeon Crawl Stone Soup version 0.31.0-12-g77e489cdc1 (webtiles) character file.

Game seed: 14748529887588735728

26 Fodor the Shield-Bearer (level 2, -1/27 HPs)
             Began as a Minotaur Fighter on Mar 1, 2024.
             Slain by a gnoll
             ... wielding a +0 whip
              (5 damage)
             ... on level 2 of the Dungeon.
             The game lasted 00:04:08 (727 turns).

Fodor the Shield-Bearer (Minotaur Fighter)           Turns: 727, Time: 00:04:09

Health: -1/27      AC:  7    Str: 20    XL:     2   Next: 89%
Magic:  1/1        EV:  9    Int:  5    God:
Gold:   68         SH:  4    Dex:  9    Spells: 1/1 levels left

rFire   . . .        a - +0 war axe
rCold   . . .        c - +0 buckler
rNeg    . . .        b - +0 scale mail
rPois   .            (helmet restricted)
rElec   .            (no cloak)
rCorr   .            (no gloves)
SInv    .            (no boots)
Will    .....        (no amulet) Stlth
                     (no ring)
HPRegen 0.24/turn    (no ring)
MPRegen 0.07/turn

%: no passive effects
@: no status effects
A: horns 2, retaliatory headbutt
a: no special abilities


You were on level 2 of the Dungeon.
You visited 1 branch of the dungeon, and saw 2 of its levels.

You collected 68 gold pieces.

Inventory:

Hand Weapons
 a - a +0 war axe (weapon)
 g - a +0 sling
Armour
 b - a +0 scale mail (worn)
 c - a +0 buckler (worn)
Talismans
 i - a flux talisman
Scrolls
 e - a scroll of teleportation {unknown}
 f - 3 scrolls of identify {unknown}
 h - a scroll of enchant weapon {unknown}
 j - a scroll of blinking {unknown}
Potions
 d - a potion of might
 k - a potion of brilliance {unknown}
 l - a potion of cancellation {unknown}
 m - a potion of attraction {unknown}


   Skills:
 + Level 3.9 Fighting
 + Level 2.7 Axes
 + Level 1.3 Ranged Weapons
 + Level 3.8 Armour
 + Level 4.0 Shields


You had one spell level left.
You didn't know any spells.
Your spell library contained the following spells:

 Spells                   Type           Power      Damage    Failure   Level
 Ensorcelled Hibernation  Hex/Ice        0%         N/A       95%         2
 Passwall                 Erth           0%         N/A       99%         3
 Swiftness                Air            0%         N/A       99%         3


Dungeon Overview and Level Annotations

Branches:
Dungeon (2/15)

Altars:


Innate Abilities, Weirdness & Mutations

You have a pair of horns on your head.
You reflexively headbutt those who attack you in melee.


Message History

Fire: g) +0 sling
Press: ? - help, Q - select action Shift-Dir - straight line, f/p - hobgoblin
Aim: a hobgoblin (50% to hit)
You shoot a sling bullet. The sling bullet hits the hobgoblin.
The hobgoblin is moderately wounded.
a - a +0 war axe (weapon)
You see here a +0 dagger.
The hobgoblin attacks as it pursues you!
The hobgoblin hits you but does no damage.
You slash the hobgoblin!
You kill the hobgoblin!
You closely miss the gnoll. The gnoll barely misses you.
A gnoll comes into view.
It is wielding a +0 spear and quivering 2 throwing nets.
The gnoll shouts!
You hit the gnoll.
The gnoll is moderately wounded.
The gnoll hits you with a +0 whip.
You hit the gnoll.
The gnoll is severely wounded.
The gnoll hits you but does no damage. The gnoll hits you with a +0 whip.
You barely miss the gnoll.
The gnoll is severely wounded.
The gnoll hits you with a +0 whip.
You hit the gnoll.
The gnoll is almost dead.
The gnoll hits you with a +0 whip.
You hit the gnoll but do no damage.
The gnoll is almost dead.
The gnoll hits you but does no damage. x2; The gnoll barely misses you.
The gnoll hits you from afar with a +0 spear.
You hit the gnoll but do no damage.
The gnoll is almost dead.
The gnoll hits you with a +0 whip.
* * * LOW HITPOINT WARNING * * *
The gnoll hits you from afar with a +0 spear.
* * * LOW HITPOINT WARNING * * *
You barely miss the gnoll.
The gnoll is almost dead.
The gnoll hits you with a +0 whip.
You die...

#.# #..# #.# #... #.#
#..# #.# #..#
#####.##### #..#
..........######..#
.####.###.......gg# .#
#.# #.######g##
(####.###.# ##@#
.##.......#####..###.#
.##.#................#
.#[..####.#####..#####
..........# #..#
##...###### #..# ##.##
#..# #.# #..# ##†##
#..#


You could see 3 gnolls.

Vanquished Creatures
  5 endoplasms (D:1)
  2 giant cockroaches (D:1)
  3 goblins
  A hobgoblin (D:2)
  A quokka (D:1)
  4 ball pythons
  2 bats (D:1)
  3 frilled lizards (D:1)
  A kobold (D:1)
  A rat (D:1)
23 creatures vanquished.

Notes
Turn   | Place    | Note
-------+----------+-------------------------------------------
     0 | D:1      | Fodor the Minotaur Fighter began the quest for the Orb.
     0 | D:1      | Reached XP level 1. HP: 19/19 MP: 0/0
   218 | D:1      | Reached XP level 2. HP: 27/27 MP: 1/1
   258 | D:1      | Reached skill level 4 in Shields
   552 | D:1      | Found a faded altar of an unknown god.
   574 | D:1      | Reached skill level 1 in Ranged Weapons
   727 | D:2      | Slain by a gnoll

Illustrated notes

Levels and vault maps discovered:
D:1:      evilmike_arrival_plus, layout_basic, chequers_ecumenical_altar_simple
D:2:      layout_loops_ring, corexii_leaking_fountain, minmay_tripent

Skill      XL: |  1  2 |
---------------+-------+-----
Shields        | 4 |  4.0
Ranged Weapons | 1 |  1.3
Fighting       | |  3.9
Axes           | |  2.7
Armour         | |  3.8

Action                     || total
---------------------------++-------
  Melee: War axe           ||    42
         Headbutt          ||     8
   Fire: Sling             ||    42
 Armour: Scale mail        ||    52
  Dodge: Dodged            ||    25
  Block: Buckler           ||    11
